 Dungeon Crawl Stone Soup version 0.23.2-1-ga50397a (webtiles) character file.

Game seed: 15205383636080280742

67 MalarOregon the Digger (level 4, -4/34 HPs)
             Began as a Ghoul Earth Elementalist on June 2, 2019.
             Slain by an adder (5 damage)
             ... on level 2 of the Dungeon.
             The game lasted 00:02:48 (1241 turns).

MalarOregon the Digger (Ghoul Earth Elementalist)   Turns: 1241, Time: 00:02:49

Health: -4/34      AC:  2    Str: 11    XL:     4   Next: 16%
Magic:  0/5        EV: 12    Int: 11    God:
Gold:   32         SH:  0    Dex:  9    Spells: 5/6 levels left

rFire    . . .     SeeInvis .     - Unarmed
rCold    + . .     Gourm    .   (no shield)
rNeg     + + +     Faith    .   c - +0 robe
rPois    ∞         Spirit   .   (no helmet)
rElec    .         Reflect  .   (no cloak)
rCorr    .         Harm     .   (no gloves)
MR       .....                  (no boots)
Stlth    ++........             (no amulet)
HPRegen  0.00/turn              (no ring)
MPRegen  0.09/turn              (no ring)

@: rotting
A: rotting body, claws 1, carnivore, cold resistance 1, negative energy
resistance 3, inhibited regeneration, torment resistance, unbreathing
a: no special abilities


You were on level 2 of the Dungeon.
You were not hungry.

You visited 1 branch of the dungeon, and saw 2 of its levels.

You collected 32 gold pieces.

Inventory:

Missiles
 b - 70 stones (quivered)
Armour
 c - a +0 robe (worn)
Jewellery
 g - an uncursed ring of stealth {unknown}
   (You found it on level 1 of the Dungeon)
Scrolls
 a - a scroll of identify {@r1}
 f - a scroll of fear {unknown}
 h - a scroll of remove curse {unknown}
Potions
 d - a potion of flight
Comestibles
 e - 3 rations {!d}


   Skills:
 + Level 0.5 Fighting
 + Level 2.2 Dodging
 - Level 2.1 Stealth
 + Level 3.3 Unarmed Combat
 + Level 1.9 Spellcasting
   Level 0.8 Transmutations
 + Level 3.4 Earth Magic


You had 5 spell levels left.
You knew the following spells:

 Your Spells              Type           Power        Failure   Level  Hunger
a - Sandblast             Erth           #.....       8%          1    ##.....

Your spell library contained the following spells:

 Spells                   Type           Power        Failure   Level  Hunger
 Passwall                 Tmut/Erth      #.......     19%         2    ###....
 Stone Arrow              Conj/Erth      #.....       41%         3    ####...
 Petrify                  Tmut/Erth      #.......     77%         4    #####..
 Lee's Rapid Deconstruct  Erth           #.........   90%         5    ######.


Dungeon Overview and Level Annotations

Branches:
Dungeon (2/15)

Altars:


Innate Abilities, Weirdness & Mutations

Your body is rotting away.
You thrive on raw meat.
You are immune to poison.
You have sharp fingernails.
You are carnivorous and can eat meat at any time.
Your flesh is cold resistant. (rC+)
You are immune to negative energy. (rN+++)
You do not regenerate when monsters are visible.
You are immune to unholy pain and torment.
You can survive without breathing.


Message History

An adder is nearby!
An adder is nearby!
An adder is nearby!
The adder bites you.
You scratch the adder but do no damage. The adder barely misses you.
You barely miss the adder. You claw the adder. The adder bites you.
You scratch the adder. The adder bites you. x2
* * * LOW HITPOINT WARNING * * *
Eat a chunk of flesh? (ye/n/q)
You eat the chunk of flesh.
This raw flesh tastes great!
The adder bites you.
* * * LOW HITPOINT WARNING * * *
You are too injured to fight recklessly!
You miss the adder. The adder bites you.
* * * LOW HITPOINT WARNING * * *
You barely miss the adder. The adder bites you.
* * * LOW HITPOINT WARNING * * *
The adder bites you.
* * * LOW HITPOINT WARNING * * *
You barely miss the adder. The adder bites you.
* * * LOW HITPOINT WARNING * * *
Aim: an adder (severely wounded)
The blast of sand misses the adder.
b - 74 stones The leopard gecko hisses angrily.
The adder bites you.
* * * LOW HITPOINT WARNING * * *
The leopard gecko hisses menacingly.
A dart slug comes into view.
Aim: an adder (severely wounded)
The blast of sand misses the adder.
b - 73 stones The adder bites you.
* * * LOW HITPOINT WARNING * * *
A frilled lizard comes into view.
The adder bites you.
* * * LOW HITPOINT WARNING * * *
Aim: an adder (severely wounded)
The blast of sand misses the adder.
b - 72 stones The frilled lizard hisses angrily.
The adder misses you.
Aim: an adder (severely wounded)
The blast of sand misses the adder.
b - 71 stones The adder bites you but does no damage.
Aim: an adder (severely wounded)
The blast of sand misses the adder.
b - 70 stones The adder bites you.
You die...

####.#####
..........#....# # #.#
.........#..#....# # #.#
##.....####.##l#### #
##.######.....####..##S#
#....................#.#
###........#.............#
#..........#...........###
#.#........#...........#
#..........#....@......#
###..........÷.S##...###
###............l.....l..
.).........#.#####.l....
####..######.# w.... #..#
#.# .... #...# #.# ###
..#.# #.# ##.# #.#


You could see an adder, a leopard gecko and a frilled lizard.

Vanquished Creatures
  2 adders (D:2)
  A worm (D:2)
  A dart slug (D:1)
  5 bats
  4 giant cockroaches
  5 goblins (D:1)
  7 hobgoblins (D:1)
  4 jackals (D:1)
  A quokka (D:1)
  3 frilled lizards (D:1)
  6 kobolds
  2 rats
41 creatures vanquished.

Notes
Turn   | Place    | Note
-------+----------+-------------------------------------------
     0 | D:1      | MalarOregon the Ghoul Earth Elementalist began the quest
                  | for the Orb.
     0 | D:1      | Reached XP level 1. HP: 14/14 MP: 2/2
   286 | D:1      | Reached skill level 1 in Unarmed Combat
   386 | D:1      | Reached XP level 2. HP: 12/20 MP: 3/3
   603 | D:1      | You fall through a shaft!
   630 | D:1      | Reached XP level 3. HP: 8/26 MP: 4/4
  1199 | D:2      | Reached XP level 4. HP: 29/34 MP: 5/5
  1238 | D:2      | HP: 1/34 [adder (3)]
  1241 | D:2      | Slain by an adder

Skill      XL: |  1  2  3 |
---------------+----------+-----
Unarmed Combat | 1 2 3 |  3.3
Dodging        | 2 |  2.2
Fighting       | |  0.5
Stealth        | |  2.1
Spellcasting   | |  1.9
Transmutations | |  0.8
Earth Magic    | |  3.4

Action                   |  1- 3 |  4- 6 || total
-------------------------+-------+-------++-------
Melee: Unarmed           |   168 |    11 ||   179
       Punch             |       |     1 ||     1
 Cast: Sandblast         |       |     5 ||     5
  Use: Scroll            |     2 |       ||     2
  Eat: Chunk             |    20 |     1 ||    21
Armor: Robe              |    26 |     1 ||    27
Dodge: Dodged            |   118 |     3 ||   121
